 Dungeon Crawl Stone Soup version 0.30-a0-4-ga7cffc901d (webtiles) character file.

Game seed: 18071938125776256099

140 Spectrina the Magician (level 5, -6/38 HPs)
             Began as a Djinni Venom Mage on Aug 21, 2022.
             Mangled by an iguana (13 damage)
             ... on level 4 of the Dungeon on Aug 22, 2022.
             The game lasted 00:09:46 (970 turns).

Spectrina the Magician (Djinni Venom Mage)           Turns: 970, Time: 00:09:47

Health: -6/38      AC:  2    Str:  7    XL:     5   Next: 47%
Gold:   73         EV: 16    Int: 18    God:
                   SH:  3    Dex: 14

rFire   + + .      SeeInvis .    f - +0 sling
rCold   x . .      Faith    .    e - +0 buckler
rNeg    + . .      Spirit   .    a - +0 robe
rPois   ∞          Reflect  .    (no helmet)
rElec   .          Harm     .    (no cloak)
rCorr   .          Rampage  .    (no gloves)
Will    .....                    (boots unavailable)
Stlth   ++........               (no amulet)
HPRegen 0.12/turn                n - +4 ring of evasion
MPRegen 0.00/turn                p - ring of positive energy

@: flying
A: sickness immunity, fire resistance 2, cold vulnerability 1, float, innate
caster, HP casting, extra vitality 1
a: no special abilities


You were on level 4 of the Dungeon.
You visited 1 branch of the dungeon, and saw 4 of its levels.

You collected 73 gold pieces.

Inventory:

Hand Weapons
 f - a +0 sling (weapon)
Armour
 a - a +0 robe (worn)
 e - a +0 buckler (worn)
Jewellery
 n - a +4 ring of evasion (left hand)
 p - a ring of positive energy (right hand)
Scrolls
 b - a scroll of fear {unknown}
 g - a scroll of enchant armour {unknown}
 j - 2 scrolls of identify {unknown}
 k - 2 scrolls of blinking {unknown}
 s - a scroll of enchant weapon {unknown}
Potions
 c - a potion of brilliance {unknown}
 d - a potion of degeneration {unknown}
 h - 2 potions of resistance {unknown}
 i - 2 potions of cancellation {unknown}
 l - 2 potions of flight {unknown}
 m - a potion of mutation {unknown}
 o - 3 potions of curing {unknown}
 q - a potion of might {unknown}
 r - a potion of lignification {unknown}


   Skills:
 + Level 1.7 Fighting
 + Level 3.0 Dodging
 + Level 2.3 Stealth
 * Level 3.2 Spellcasting
 + Level 1.6 Invocations


You couldn't memorise any spells.
You knew the following spells:

 Your Spells              Type           Power      Damage    Failure   Level
a - Sting                 Tmut/Pois      56%        1d5       6%          1
j - Mephitic Cloud        Conj/Pois/Air  14%        N/A       17%         3
l - Slow                  Hex            56%        N/A       6%          1
p - Call Imp              Summ           14%        N/A       9%          2
q - Poisonous Vapours     Pois/Air       28%        N/A       9%          2
w - Olgreb's Toxic Radia  Pois           14%        N/A       50%         4
Your spell library was empty.

Dungeon Overview and Level Annotations

Branches:
Dungeon (4/15)
 Temple: D:4-7

Altars:

Annotations:
D:3 3 runed translucent doors, gregwegmann's ghost, amateur DsTm


Innate Abilities, Weirdness & Mutations

You are immune to sickness and miasma.
You are immune to poison.
Your flesh is very heat resistant. (rF++)
You are vulnerable to cold. (rC-)
You float through the air rather than walking.
You learn spells naturally, not from books.
Your magical power is your life essence.
You have superior vitality. (+4 MHP)


Message History

l - 2 black potions (gained 1)
The hound barks!
The hound disappears!
There is an open door here.
The ball python disappears!
The adder disappears!
There is an open door here.
Found a buckler.
You see here a +0 buckler.
An iguana comes into view.
Found a scroll labelled MINNEISSOG.
The iguana hisses angrily.
Casting: Sting (safe; 6% risk of failure)
Confirm with . or Enter, or press ? or * to list all spells.
Aiming: Sting (safe; 6% risk of failure)
Press: ? - help, Shift-Dir - straight line, f - iguana
Aim: an iguana (75% to hit)
The sting hits the iguana.
The iguana is poisoned.
The iguana is lightly wounded.
The iguana closely misses you.
Unknown command.
Casting: Sting (safe; 6% risk of failure)
Confirm with . or Enter, or press ? or * to list all spells.
Aiming: Sting (safe; 6% risk of failure)
Press: ? - help, Shift-Dir - straight line, f/p - iguana
Aim: an iguana (lightly wounded, poisoned, 75% to hit)
The sting hits the iguana.
The iguana looks even sicker.
The iguana is moderately wounded.
The iguana bites you!
* * * LOW HITPOINT WARNING * * *
The iguana attacks as you move away! You block the iguana's attack.
Casting: Sting (safe; 6% risk of failure)
Confirm with . or Enter, or press ? or * to list all spells.
Aiming: Slow (safe; 6% risk of failure)
Press: ? - help, Shift-Dir - straight line, f/p - iguana
Aim: an iguana (heavily wounded, very poisoned, chance to affect: 62%)
The iguana seems to slow down.
* * * LOW HITPOINT WARNING * * *
The iguana bites you!
You die...

########
##>.....##
##........##
#..........###
#.....[..@l..#
#....#######.#
#....#.#.#.#.#
#....#^^^^^#..
##...#########.
##...'....^+?#.#
#....######### .
#....#^^^^^#..
#. #....#.#.#.#
#


You could see an iguana (very poisoned, slow).

Vanquished Creatures
  An iguana (D:4)
  6 adders
  A worm (D:4)
  2 dart slugs (D:4)
  6 endoplasms
  A giant cockroach (D:4)
  5 goblins
  4 hobgoblins
  2 ball pythons
  5 bats
  3 frilled lizards
  5 kobolds
  A rat (D:3)
42 creatures vanquished.

Vanquished Creatures (collateral kills)
  An adder (D:4)
1 creature vanquished.

Grand Total: 43 creatures vanquished

Notes
Turn   | Place    | Note
-------+----------+-------------------------------------------
     0 | D:1      | Spectrina the Djinni Venom Mage began the quest for the
                  | Orb.
     0 | D:1      | Spectrina set off with the following spells memorised:
                  | Sting, Poisonous Vapours, Mephitic Cloud, Olgreb's Toxic
                  | Radiance.
     0 | D:1      | Reached XP level 1. HP: 15/15 MP: 0/0
    86 | D:2      | Reached XP level 2. HP: 17/22 MP: 0/0
   267 | D:2      | Found a faded altar of an unknown god.
   298 | D:2      | Reached skill level 1 in Invocations
   298 | D:2      | Reached XP level 3. HP: 8/26 MP: 0/0
   298 | D:2      | Learned a level 1 spell: Slow
   355 | D:2      | Reached skill level 1 in Fighting
   404 | D:3      | Reached XP level 4. HP: 7/32 MP: 0/0
   462 | D:3      | Found a runed translucent gate.
   462 | D:3      | Found a runed translucent gate.
   463 | D:3      | Found a runed translucent gate.
   477 | D:3      | Noticed gregwegmann's ghost (amateur DsTm)
   629 | D:4      | Reached XP level 5. HP: 21/37 MP: 0/0
   629 | D:4      | Learned a level 2 spell: Call Imp
   970 | D:4      | Mangled by an iguana

Illustrated notes

Levels and vault maps discovered:
D:1:      dpeg_arrival_snail, layout_basic, nicolae_titane
D:2:      layout_loops_ring, ebering_ecumenical_altar_rust
D:3:      layout_rooms, gammafunk_ghost_split
D:4:      minmay_chambers_of_threes, layout_rooms, marbit_many_paths,
          dreamdust_wishing_well, grunt_tough_drop

Skill      XL: |  1  2  3  4  5 |
---------------+----------------+-----
Invocations    | 1 |  1.6
Fighting       | 1 |  1.7
Stealth        | 2 |  2.3
Spellcasting   | 3 |  3.2
Dodging        | 3 |  3.0

Action                   |  1- 3 |  4- 6 || total
-------------------------+-------+-------++-------
 Fire: Sling             |    34 |    40 ||    74
 Cast: Sting             |    30 |    29 ||    59
       Slow              |     3 |     3 ||     6
       Call Imp          |       |     4 ||     4
       Poisonous Vapours |       |     2 ||     2
Armor: Robe              |     4 |     1 ||     5
Dodge: Dodged            |    23 |    22 ||    45
Block: Buckler           |     1 |     1 ||     2

Table legend: (Time is in decaauts)
 A = Elapsed time spent in this place.
 B = Non-inter-level travel time spent in this place.
 C = Inter-level travel time spent in this place.
 D = Time resting spent in this place.
 E = Time spent auto-exploring this place.
 F = Levels seen in this place.
 G = Mean time per level.
                   A        B        C        D        E       F      G
               +--------+--------+--------+--------+--------+-----+--------+
         Total |   1002 |    988 |     14 |      0 |      0 |   4 |  250.5 |
       Dungeon |   1002 |    988 |     14 |      0 |      0 |   4 |  250.5 |
               +--------+--------+--------+--------+--------+-----+--------+

Top non-repeatable levels by time:
     D:4: 393 daAuts
     D:3: 325 daAuts
     D:2: 206 daAuts
     D:1: 76 daAuts
